 Dungeon Crawl Stone Soup version 0.19.4 (webtiles) character file.

8586 Jerry the Cleaver (level 11, 0/112 HPs)
             Began as a Formicid Fighter on Feb 4, 2017.
             Was a Priest of Kikubaaqudgha.
             Slain by a seven-headed hydra (3 damage)
             ... on level 8 of the Dungeon.
             The game lasted 00:38:01 (11956 turns).

Jerry the Cleaver (Formicid Fighter)               Turns: 11956, Time: 00:38:02

Health: 0/112      AC: 25    Str: 26    XL:     11   Next: 58%
Magic:  0/17       EV:  2    Int: 11    God:    Kikubaaqudgha [***...]
Gold:   617        SH: 12    Dex: 14    Spells: 3 memorised, 12 levels left

rFire  . . .     SeeInvis .     K - +4 whip
rCold  . . .     Gourm    .     (armour currently unavailable)
rNeg   + + +     Faith    .     c - +0 shield
rPois  +         Spirit   +     (helmet unavailable)
rElec  .         Reflect  .     (cloak currently unavailable)
rCorr  .         Harm     .     (gloves currently unavailable)
MR     +....     Clarity  +     (boots currently unavailable)
Stlth  +.........               B - amulet of guardian spirit
                                (no ring)
                                O - ring of positive energy

@: mighty, tree-form
A: permanent stasis, dig shafts and tunnels, four strong arms, (antennae 0),
agile 2, clarity, screaming 1, (electricity resistance), subdued magic 1
a: Receive Corpses, Renounce Religion


You were on level 8 of the Dungeon.
You worshipped Kikubaaqudgha.
Kikubaaqudgha was most pleased with you.
You were not hungry.
You were a tree.
You visited 3 branches of the dungeon, and saw 13 of its levels.

You collected 617 gold pieces.

Inventory:

Hand Weapons
 G - a +7 war axe of freezing
 K - a +4 whip (weapon)
 T - a +1 morningstar of crushing
Armour
 c - a +0 shield (worn)
 m - a +3 scale mail of fire resistance (melded)
 D - a +0 pair of boots
 H - a +1 pair of boots (melded)
 Q - a +0 cloak (melded)
Jewellery
 o - an uncursed amulet of the gourmand
 B - an amulet of guardian spirit (around neck)
 O - a ring of positive energy (left branch)
Wands
 b - a wand of acid (13/15)
 q - a wand of slowing (27/48)
 y - a wand of iceblast (5/15)
 N - a wand of iceblast (7/15)
 R - a wand of confusion (23/48)
Scrolls
 e - 4 scrolls of identify
 h - 3 scrolls of immolation
 i - a scroll of recharging
 k - 3 scrolls of remove curse
 u - 3 scrolls of amnesia
 w - 2 scrolls of holy word {unknown}
 z - 2 scrolls of enchant armour
 F - a scroll of brand weapon
 S - a scroll of enchant weapon
Potions
 j - 2 potions of lignification
 r - 7 potions of curing
 s - a potion of agility
 t - 3 potions of cancellation
 v - a potion of magic
 C - a potion of flight
 E - a potion of beneficial mutation {unknown}
 M - a potion of might
Books
 x - a book of Callings

   Spells                             Type                      Level
   a - Summon Small Mammal            Summoning                    1
   b - Call Imp                       Summoning                    2
   c - Call Canine Familiar           Summoning                    3
   d - Summon Guardian Golem          Hexes/Summoning              3
   e - Summon Lightning Spire         Summoning/Air                4
   f - Summon Ice Beast               Ice/Summoning                4
 A - Kikubaaqudgha's Grimoire of Stolen Souls
   (Kikubaaqudgha gifted it to you on level 10 of the Dungeon)

   Spells                             Type                      Level
   a - Animate Dead                   Necromancy                   4
   b - Excruciating Wounds            Charms/Necromancy            5
   c - Bolt of Draining               Conjuration/Necromancy       5
   d - Dispel Undead                  Necromancy                   5
   e - Death Channel                  Necromancy                   6
 I - Kikubaaqudgha's Catalogue of Evil Arts
   (Kikubaaqudgha gifted it to you on level 7 of the Dungeon)

   Spells                             Type                      Level
   a - Animate Skeleton               Necromancy                   1
   b - Corpse Rot                     Necromancy                   2
   c - Sublimation of Blood           Necromancy                   2
   d - Regeneration                   Charms/Necromancy            3
   e - Control Undead                 Necromancy                   4
 J - a book of Maledictions

   Spells                             Type                      Level
   a - Corona                         Hexes                        1
   b - Ensorcelled Hibernation        Hexes/Ice                    2
   c - Confuse                        Hexes                        3
   d - Tukima's Dance                 Hexes                        3
   e - Dazzling Spray                 Conjuration/Hexes            3
 L - a book of Conjurations

   Spells                             Type                      Level
   a - Magic Dart                     Conjuration                  1
   b - Searing Ray                    Conjuration                  2
   c - Dazzling Spray                 Conjuration/Hexes            3
   d - Fulminant Prism                Conjuration/Hexes            4
   e - Iskenderun's Mystic Blast      Conjuration                  4
   f - Iskenderun's Battlesphere      Conjuration/Charms           5
 U - a book of Frost

   Spells                             Type                      Level
   a - Freeze                         Ice                          1
   b - Throw Frost                    Conjuration/Ice              2
   c - Ozocubu's Armour               Charms/Ice                   3
   d - Throw Icicle                   Conjuration/Ice              4
   e - Summon Ice Beast               Ice/Summoning                4
Comestibles
 a - 3 chunks of flesh
 f - 8 bread rations
 g - 2 beef jerkies
 l - 5 fruits
 n - a slice of pizza
 p - 5 meat rations
 P - 10 royal jellies


   Skills:
 - Level 3.2 Fighting
 * Level 10.4 Axes
 + Level 9.7 Armour
 - Level 9.0 Shields
 + Level 4.4 Spellcasting
 - Level 4.0 Charms
 + Level 6.1 Necromancy


You had 12 spell levels left.
You knew the following spells:

 Your Spells              Type           Power        Failure   Level  Hunger
a - Animate Skeleton      Necr           N/A          1%          1    #......
b - Regeneration          Chrm/Necr      ##........   8%          3    ###....
c - Sublimation of Blood  Necr           ##........   1%          2    ##.....


Dungeon Overview and Level Annotations

Branches:
Dungeon (11/15)            Temple (1/1) D:6            Lair (1/6) D:8
    Orc: D:9-12

Altars:
Ashenzari
Cheibriados
Dithmenos
Elyvilon
Fedhas
Gozag
Hepliaklqana
Kikubaaqudgha
Makhleb
Nemelex Xobeh
Okawaru
Qazlal
Ru
Sif Muna
Trog
Uskayaw
Vehumet
Xom
Yredelemnul
Zin
The Shining One


Innate Abilities, Weirdness & Mutations

You are under a permanent stasis effect.
You can dig through walls and to a lower floor.
Your four strong arms can wield two-handed weapons with a shield.
((You have a pair of large antennae on your head. (SInv)))
You are very agile. (Dex +4)
You possess an exceptional clarity of mind.
You occasionally shout uncontrollably at your foes.
((You are resistant to electric shocks. (rElec)))
Your spells are a little easier to cast, but a little less powerful.


Message History

* * * LOW HITPOINT WARNING * * *
You feel very mighty all of a sudden.
You block the seven-headed hydra's attack.
The seven-headed hydra bites you.
* * * LOW HITPOINT WARNING * * *
The seven-headed hydra bites you!
* * * LOW HITPOINT WARNING * * *
The seven-headed hydra bites you but does no damage.
You block the seven-headed hydra's attack. x2
The seven-headed hydra bites you.
* * * LOW HITPOINT WARNING * * *
Evoke which item? (* to show all) (? for menu, Esc to quit)
Zapping:
R - a wand of confusion (will waste charges)
Press: ? - help, Shift-Dir - straight line, f - seven-headed hydra
Aim: a seven-headed hydra (heavily wounded, chance to defeat MR: 15%)
The seven-headed hydra resists with almost no effort.
Evoking this partially-identified wand wasted a few charges.
The seven-headed hydra bites you.
You die...
Kikubaaqudgha rasps: "You have failed me!
Welcome... death!"

..........# #....#..# ####.####.#
##.......# .....# #.###........#
###..# #.....P.P.P..## ###..##
##...P.P.P().(# ######## ......#
##.PP...{PP.P(####....... .##...#
#..P...P.P.P.)..^>.#.#.#. .##...#
#.P.P.####P......(.......
<##...###..P.P#D♣#...P..###......
(##...##......#..#P.P..## #......
...........P..#'##PP.PP####.##.##
.####.##.....P(.P................
.# #.####...P...P.P...####.##.#.
.# #..........[P.P......##.##.#.
.# #.####.......P.......##.##.#.
## #.# ###.#...............##.#.
#.# #...####(###.....#####...


You could see a seven-headed hydra.

Vanquished Creatures
  A catoblepas (D:11)
  An unseen horror (D:9)
  A hill giant (D:10)
  A cyclops (D:11)
  A gargoyle (D:11)
  A centaur skeleton (D:10)
  The ghost of flsc the Chopper, an amateur MiBe of Trog (D:6)
  2 trolls
  A two-headed ogre (D:9)
  3 hippogriffs
  4 yaks
  A wyvern (D:11)
  2 hungry ghosts
  A water moccasin (D:7)
  3 orc warriors
  4 ice beasts
  A phantom (D:5)
  A sky beast (D:11)
  3 ogres
  3 centaurs
  4 bullfrogs
  A wyvern zombie (D:8)
  A scorpion (D:5)
  A water moccasin skeleton (D:7)
  4 howler monkeys
  A crimson imp (D:9)
  A quasit (D:11)
  4 hounds
  8 orc priests
  8 orc wizards
  6 jellies
  An iguana (D:4)
  8 worker ants
  A hound zombie (D:8)
  A worker ant zombie (D:7)
  3 gnolls (D:7)
  15 adders
  2 river rats (D:8)
  3 shadow imps
  7 oozes
  6 worms
  A dart slug (D:2)
  8 leopard geckos
  49 orcs
  4 giant cockroaches
  8 goblins
  4 hobgoblins
  6 jackals
  2 kobolds
  5 quokkas
  7 bats
  3 frilled lizards
  A jackal skeleton (D:5)
  A quokka skeleton (D:4)
  A quokka zombie (D:6)
  18 rats
  A spectral orc (D:8)
  A fungus (D:8)
242 creatures vanquished.

Vanquished Creatures (collateral kills)
  A hippogriff (D:11)
  A gnoll shaman (D:7)
  3 orcs (D:11)
  4 bats (D:8)
  A rat (D:8)
10 creatures vanquished.

Vanquished Creatures (others)
  3 fungi (D:8)
3 creatures vanquished.

Grand Total: 255 creatures vanquished

Notes
Turn   | Place    | Note
-------+----------+-------------------------------------------
     0 | D:1      | Jerry the Formicid Fighter began the quest for the Orb.
     0 | D:1      | Reached XP level 1. HP: 18/18 MP: 1/1
   197 | D:1      | Reached XP level 2. HP: 23/24 MP: 2/2
   671 | D:2      | Found a radiant altar of Vehumet.
   735 | D:2      | Reached XP level 3. HP: 27/29 MP: 3/3
   902 | D:2      | Found a shimmering altar of Xom.
  1215 | D:2      | Reached XP level 4. HP: 35/35 MP: 4/4
  1348 | D:2      | Found a white marble altar of Elyvilon.
  2030 | D:3      | Found a glowing silver altar of Zin.
  2053 | D:3      | Reached skill level 3 in Axes
  2689 | D:3      | Reached XP level 5. HP: 41/41 MP: 5/5
  2730 | D:3      | Found a shadowy altar of Dithmenos.
  3026 | D:4      | Reached skill level 5 in Shields
  3082 | D:4      | Reached XP level 6. HP: 34/47 MP: 6/6
  3187 | D:4      | Found a hazy altar of Hepliaklqana.
  3290 | D:4      | Reached skill level 5 in Armour
  3353 | D:4      | Reached skill level 4 in Axes
  3520 | D:4      | Gained mutation: You are resistant to electric shocks. (rElec) [potion of mutation]
  3520 | D:4      | Gained mutation: You are agile. (Dex +2) [potion of mutation]
  3520 | D:4      | Gained mutation: You occasionally shout uncontrollably at your foes. [potion of mutation]
  3813 | D:4      | Reached XP level 7. HP: 51/52 MP: 7/7
  4256 | D:5      | Entered Level 5 of the Dungeon
  4520 | D:5      | Gained mutation: You possess an exceptional clarity of mind. [potion of mutation]
  4520 | D:5      | Gained mutation: You are very agile. (Dex +4) [potion of mutation]
  4520 | D:5      | Gained mutation: Your spells are a little easier to cast, but a little less powerful. [potion of mutation]
  4648 | D:5      | Reached skill level 5 in Axes
  4648 | D:5      | Reached XP level 8. HP: 58/58 MP: 8/8
  4727 | D:5      | Noticed a troll
  4746 | D:5      | Killed a troll
  5485 | D:6      | Found a staircase to the Ecumenical Temple.
  5508 | D:6      | Reached skill level 6 in Axes
  5587 | D:6      | Noticed flsc's ghost (amateur MiBe)
  5950 | Temple   | Entered the Ecumenical Temple
  5994 | Temple   | Became a worshipper of Kikubaaqudgha
  6050 | D:6      | Killed flsc's ghost
  6050 | D:6      | Reached skill level 1 in Necromancy
  6050 | D:6      | Reached XP level 9. HP: 27/64 MP: 5/9
  6297 | D:6      | Found a sacrificial altar of Ru.
  7132 | D:7      | Noticed a hippogriff
  7146 | D:7      | Killed a hippogriff
  7146 | D:7      | Reached skill level 7 in Axes
  7676 | D:7      | Reached * piety under Kikubaaqudgha
  7676 | D:7      | Identified Kikubaaqudgha's Catalogue of Evil Arts (Kikubaaqudgha gifted it to you on level 7 of the Dungeon)
  7676 | D:7      | Received a gift from Kikubaaqudgha
  7690 | D:7      | Noticed a hippogriff
  7698 | D:7      | Killed a hippogriff
  7768 | D:7      | Learned a level 1 spell: Animate Skeleton
  7772 | D:7      | Learned a level 3 spell: Regeneration
  7775 | D:7      | Learned a level 2 spell: Sublimation of Blood
  7931 | D:7      | Reached XP level 10. HP: 29/70 MP: 4/10
  7933 | D:7      | Reached skill level 8 in Axes
  8465 | D:8      | Reached skill level 1 in Spellcasting
  8465 | D:8      | Reached skill level 1 in Charms
  8527 | D:8      | Reached ** piety under Kikubaaqudgha
  8675 | D:8      | Found a basalt altar of Yredelemnul.
  8749 | D:8      | Found a staircase to the Lair.
  9496 | D:9      | Found a shattered altar of Ashenzari.
  9619 | D:9      | Noticed an unseen horror
  9633 | D:9      | Killed an unseen horror
  9846 | D:9      | Reached skill level 9 in Axes
 10006 | D:9      | Found an iron altar of Okawaru.
 10173 | D:9      | Reached skill level 5 in Necromancy
 10289 | D:10     | Entered Level 10 of the Dungeon
 10700 | D:10     | Noticed a hill giant
 10705 | D:10     | Killed a hill giant
 10705 | D:10     | Reached XP level 11. HP: 53/75 MP: 10/16
 10708 | D:10     | Reached *** piety under Kikubaaqudgha
 10708 | D:10     | Identified Kikubaaqudgha's Grimoire of Stolen Souls (Kikubaaqudgha gifted it to you on level 10 of the Dungeon)
 10708 | D:10     | Received a gift from Kikubaaqudgha
 11084 | D:11     | Noticed a cyclops
 11105 | D:11     | Killed a cyclops
 11297 | D:11     | Noticed a catoblepas
 11304 | D:11     | Killed a catoblepas
 11304 | D:11     | Reached skill level 10 in Axes
 11930 | Lair:1   | Entered Level 1 of the Lair of Beasts
 11930 | Lair:1   | Noticed a seven-headed hydra
 11955 | D:8      | HP: 5/112 [seven-headed hydra (7)]
 11956 | D:8      | Slain by a seven-headed hydra

Skill      XL: |  1  2  3  4  5  6  7  8  9 10 11 |
---------------+----------------------------------+-----
Shields        | 4 5 6 8 9 |  9.0
Armour         | 4 5 6 7 8 9 |  9.7
Axes           | 3 4 5 6 7 9 10 | 10.4
Necromancy     | 1 3 5 6 |  6.1
Spellcasting   | 3 4 |  4.4
Charms         | 3 4 |  4.0
Fighting       | |  3.2

Action                   |  1- 3 |  4- 6 |  7- 9 | 10-12 || total
-------------------------+-------+-------+-------+-------++-------
Melee: War axe           |    91 |   255 |   361 |   265 ||   972
       Whip              |       |       |       |    12 ||    12
Throw: Tomahawk          |       |       |       |     4 ||     4
 Cast: Animate Skeleton  |       |       |       |    22 ||    22
Evoke: Wand              |       |       |       |     1 ||     1
  Use: Scroll            |     5 |     4 |     3 |    15 ||    27
       Potion            |       |     1 |     3 |     3 ||     7
  Eat: Chunk             |     1 |     9 |    16 |    15 ||    41
       Beef jerky        |       |       |     1 |       ||     1
Armor: Scale mail        |    41 |   101 |   113 |    88 ||   343
       Skin              |       |       |       |    25 ||    25
Dodge: Dodged            |    29 |    73 |   102 |    81 ||   285
Block: Shield            |    46 |   129 |   197 |   170 ||   542
